 Dungeon Crawl Stone Soup version 0.22.0-6-g71bd7aa6b3 (webtiles) character file.

683 GordonOverkill the Skirmisher (level 7, -1/67 HPs)
             Began as a Naga Ice Elementalist on Aug 15, 2018.
             Killed by nerve-wracking pain
             ... invoked by Grinder
              (10 damage)
             ... on level 4 of the Dungeon.
             The game lasted 00:08:15 (4322 turns).

GordonOverkill the Skirmisher (NaIE)                Turns: 4322, Time: 00:08:16

Health: -1/67      AC:  5    Str: 12    XL:     7   Next: 61%
Magic:  19/19      EV: 12    Int: 15    God:
Gold:   206        SH:  0    Dex: 17    Spells: 10/10 levels left

rFire    . . .     SeeInvis +   b - +2 flail (venom)
rCold    . . .     Gourm    .   (no shield)
rNeg     . . .     Faith    .   w - +0 scale mail
rPois    +         Spirit   .   (helmet restricted)
rElec    .         Reflect  .   (no cloak)
rCorr    .         Harm     .   (no gloves)
MR       .....                  (no barding)
Stlth    ++........             (no amulet)
HPRegen  0.21/turn              i - ring of magical power
MPRegen  0.16/turn              (no ring)

@: agile, hasted, quick
A: large, horns 1, see invisible, deformed body, mutation resistance 1, poison
resistance, slowness 2, slow metabolism 1, spit poison 1, AC +2
a: Spit Poison


You were on level 4 of the Dungeon.
You were not hungry.

You visited 1 branch of the dungeon, and saw 4 of its levels.

You collected 206 gold pieces.

Inventory:

Hand Weapons
 b - a +2 flail of venom (weapon)
 f - a +1 hand axe
 B - a -1 hand axe
Missiles
 x - 12 tomahawks (quivered)
Armour
 d - a +0 chain mail
 k - a +1 helmet
 w - a +0 scale mail (worn)
Jewellery
 i - a ring of magical power (left hand)
Scrolls
 e - a scroll of identify
 l - a scroll of amnesia
Potions
 a - 2 potions of brilliance
 p - 2 potions of magic
 r - a potion of agility
Comestibles
 c - 13 rations


   Skills:
 + Level 5.0 Fighting
 + Level 4.7 Axes
 + Level 2.4 Armour
 - Level 2.0 Dodging
 - Level 3.0 Stealth
 - Level 2.0 Spellcasting
   Level 1.0 Conjurations
   Level 3.0 Ice Magic


You had 10 spell levels left.
You didn't know any spells.
Your spell library contained the following spells:

 Spells                   Type           Power        Failure   Level  Hunger
 Throw Frost              Conj/Ice       #.....       58%         2    ###....
 Freeze                   Ice            ##..         32%         1    #......
 Summon Ice Beast         Ice/Summ       #.......     99%         4    #####..
 Ozocubu's Armour         Chrm/Ice       #.......     87%         3    ###....
 Throw Icicle             Conj/Ice       #.......     99%         4    #####..


Dungeon Overview and Level Annotations

Branches:
Dungeon (4/15)
 Temple: D:4-7

Altars:
Dithmenos
Gozag
Hepliaklqana
Zin

Annotations:
D:4 Grinder


Innate Abilities, Weirdness & Mutations

You cannot wear boots.
Your serpentine skin is tough. (AC +2)
You have supernaturally acute eyesight. (SInv)
Armour fits poorly on your strangely shaped body.
Your system is resistant to poisons. (rPois)
You cover ground very slowly.
You have a slow metabolism.
You can spit poison.
You have a pair of small horns on your head.
You are somewhat resistant to further mutation.


Message History

Grinder is lightly wounded.
Grinder hits you.
You writhe in agony.
You hit Grinder but do no damage.
Grinder is lightly wounded.
Grinder gestures at you. Pain shoots through your body!
You are too injured to fight recklessly!
You are too injured to fight recklessly!
You are too injured to fight recklessly!
You feel agile all of a sudden. Grinder hits you!
* * * LOW HITPOINT WARNING * * *
You writhe in agony.
* * * LOW HITPOINT WARNING * * *
It was a potion of haste.
You feel yourself speed up.
Grinder blinks!
Okay, then.
You feel as though your hastened speed will last longer.
Grinder gestures at you. Pain shoots through your body!
You die...

#########*********
#........,,,,,,,,,
##**#..5...#**********
###.+_#......####### ###
#******###...###......#.....# #..
.,,,,,,,......$......(#.....###.#
*********#.......#....'5....'.#.#
#####**###$...##@#.####.....#)#.#
.....,,..........ยง.....>....#[#.#
#######*##...#.########.....#.#.#
......# ##**#.# #.....#.#.#
......# #.# #######.#.# ......#
#.# #.#.# ......# #.# #....
......# #.# ###.# ......# ##'####
#.#


You could see Grinder.

Vanquished Creatures
  Sigmund (D:2)
  Edmund (D:4)
  A bullfrog (D:4)
  A scorpion (D:4)
  3 hounds
  An orc priest (D:4)
  An orc wizard (D:4)
  A centaur skeleton (D:4)
  5 adders
  4 worms
  A dart slug (D:1)
  3 leopard geckos
  13 orcs
  3 bats
  5 goblins
  3 hobgoblins
  2 jackals (D:1)
  4 kobolds
  A quokka (D:2)
  4 frilled lizards
  A leopard gecko skeleton (D:4)
  4 rats
63 creatures vanquished.

Notes
Turn   | Place    | Note
-------+----------+-------------------------------------------
     0 | D:1      | GordonOverkill the Naga Ice Elementalist began the quest for the Orb.
     0 | D:1      | Reached XP level 1. HP: 15/15 MP: 3/3
   195 | D:1      | Reached skill level 1 in Fighting
   195 | D:1      | Reached XP level 2. HP: 25/25 MP: 0/5
  1062 | D:1      | Reached XP level 3. HP: 31/31 MP: 6/6
  1067 | D:1      | Reached skill level 1 in Axes
  1183 | D:2      | Found a hazy altar of Hepliaklqana.
  1405 | D:2      | Reached skill level 2 in Fighting
  1724 | D:2      | Noticed Sigmund
  1852 | D:2      | Killed Sigmund
  1852 | D:2      | Reached skill level 3 in Fighting
  1852 | D:2      | Reached XP level 4. HP: 20/44 MP: 6/7
  1852 | D:2      | Reached XP level 5. HP: 23/50 MP: 6/8
  2172 | D:2      | Found a faded altar of an unknown god.
  2197 | D:2      | Reached XP level 6. HP: 34/57 MP: 6/9
  2717 | D:3      | Found a shadowy altar of Dithmenos.
  2869 | D:3      | Found an opulent altar of Gozag.
  3225 | D:3      | Found a glowing silver altar of Zin.
  3225 | D:3      | Found a shadowy altar of Dithmenos.
  3390 | D:4      | Reached skill level 4 in Fighting
  3390 | D:4      | Reached skill level 1 in Armour
  3615 | D:4      | Noticed Edmund
  3641 | D:4      | Killed Edmund
  3650 | D:4      | Reached XP level 7. HP: 22/66 MP: 3/10
  3702 | D:4      | Gained mutation: You have a pair of small horns on your head. [potion of mutation]
  3702 | D:4      | Gained mutation: You are somewhat resistant to further mutation. [potion of mutation]
  4082 | D:4      | Reached skill level 5 in Fighting
  4287 | D:4      | Noticed Grinder
  4311 | D:4      | Paralysed by Grinder for 7 turns
  4322 | D:4      | Killed from afar by Grinder

Skill      XL: |  1  2  3  4  5  6  7 |
---------------+----------------------+-----
Fighting       | 1 3 4 5 |  5.0
Dodging        | 2 |  2.0
Axes           | 3 4 |  4.7
Armour         | 1 2 |  2.4
Stealth        | |  3.0
Spellcasting   | |  2.0
Conjurations   | |  1.0
Ice Magic      | |  3.0

Action                   |  1- 3 |  4- 6 |  7- 9 || total
-------------------------+-------+-------+-------++-------
Melee: Unarmed           |     5 |       |       ||     5
       Club              |    11 |       |       ||    11
       Hand axe          |    33 |    19 |       ||    52
       Mace              |       |     9 |     4 ||    13
       Flail             |       |       |    41 ||    41
       Headbutt          |       |       |     9 ||     9
Throw: Tomahawk          |       |     8 |       ||     8
 Cast: Freeze            |    39 |    63 |       ||   102
  Use: Scroll            |       |       |    12 ||    12
       Potion            |       |       |     6 ||     6
 Stab: Sleeping          |     2 |       |       ||     2
       Distracted        |     1 |       |       ||     1
  Eat: Chunk             |     2 |     6 |     2 ||    10
Armor: Robe              |    16 |       |       ||    16
       Ring mail         |     1 |    38 |     2 ||    41
       Scale mail        |       |       |    22 ||    22
Dodge: Dodged            |    62 |    48 |    20 ||   130
